 Dungeon Crawl Stone Soup version 0.26.0-3-g156281e41b (webtiles) character file.

Game seed: 5958854501252956037

433871 EnegeticOcto the Slayer (level 22, -8/206 HPs)
             Began as a Palentonga Wanderer on Jan 9, 2021.
             Was the Champion of Hepliaklqana.
             Splashed by a tengu reaver's acid (16 damage)
             ... on level 4 of the Vaults.
             The game lasted 01:06:53 (58450 turns).

EnegeticOcto the Slayer (Palentonga Wanderer)      Turns: 58450, Time: 01:06:53

Health: -8/206     AC: 31    Str: 29    XL:     22   Next: 89%
Magic:  30/31      EV: 12    Int: 15    God:    Hepliaklqana [******]
Gold:   1330       SH: 21    Dex:  7    Spells: 23/23 levels left

rFire    + + +     SeeInvis +   f - +4 broad axe (freeze)
rCold    + . .     Faith    +   g - +0 tower shield
rNeg     + . .     Spirit   .   D - +9 plate armour "Mivom" {Will+ Str+6 Stlth-}
rPois    +         Reflect  .   W - +1 helmet {SInv}
rElec    +         Harm     .   O - scarf {rC+ rF+}
rCorr    .         Rampage  .   B - +2 pair of gloves {Dex+3}
Will     ++...                  (no barding)
Stlth    ..........             E - amulet "Cuanae" {Faith rElec rF+ rN+}
HPRegen  0.44/turn              c - +4 ring of slaying
MPRegen  0.22/turn              Y - ring "Fahidyl" {rPois rF+ EV+4 Dex-4 Slay+5}

@: lethally poisoned (-8 -> -15), corroded, attractive, curled up
A: large, reduced essence, rugged brown scales 3, see invisible, clumsy 1,
deformed body, roll 1, armoured tail, reflexive curl
}: 2/15 runes: decaying, gossamer
a: Rolling Charge, Renounce Religion, Recall Ancestor, Ancestor Identity,
Transference, Idealise


You were on level 4 of the Vaults.
You worshipped Hepliaklqana.
Hepliaklqana was exalted by your worship.
You visited 7 branches of the dungeon, and saw 38 of its levels.
You visited the Abyss 1 time.
You visited 1 bazaar.
You also visited: Gauntlet and Desolation.

You collected 3625 gold pieces.
You spent 2295 gold pieces at shops.

Inventory:

Hand Weapons
 f - a +4 broad axe of freezing (weapon)
   (You bought it in a shop on level 2 of the Elven Halls)
Missiles
 n - 3 throwing nets (quivered) {!f}
 Z - 9 curare-tipped darts
Armour
 g - a +0 tower shield (worn)
   (You took it off Louise on level 2 of the Swamp)
 B - a +2 pair of gloves of dexterity (worn)
   (You bought it in a shop on level 2 of the Orcish Mines)
 D - the +9 plate armour "Mivom" (worn) {Will+ Str+6 Stlth-}
   (You found it in the Desolation of Salt)

   It affects your strength (+6).
   It affects your willpower, your defense against some magical effects.
   It makes you less stealthy.
 O - a scarf of resistance (worn)
   (You found it in a Gauntlet)
 W - a +1 helmet of see invisible (worn)
   (You found it on level 5 of the Lair of Beasts)
Jewellery
 c - a +4 ring of slaying (left hand)
   (You found it on level 9 of the Dungeon)
 E - the amulet "Cuanae" (around neck) {Faith rElec rF+ rN+}
   (You found it in the Desolation of Salt)

   [amulet of faith]

   It allows you to gain divine favour quickly.
   It protects you from fire.
   It insulates you from electricity.
   It protects you from negative energy.
 Q - the ring of the Garden {+Blink rElec rC- rN+ Slay+5}
   (You found it on level 12 of the Dungeon)

   [ring of positive energy]

   It affects your accuracy and damage with ranged weapons and melee attacks
   (+5).
   It makes you vulnerable to cold.
   It insulates you from electricity.
   It protects you from negative energy.
   It lets you blink.
 X - the ring "Kiluam" {rF++ rCorr Dex-3}
   (You found it on level 12 of the Dungeon)

   [ring of resist corrosion]

   It affects your dexterity (-3).
   It greatly protects you from fire.
   It provides partial protection from all sources of acid and corrosion.
 Y - the ring "Fahidyl" (right hand) {rPois rF+ EV+4 Dex-4 Slay+5}
   (You found it on level 12 of the Dungeon)

   [ring of evasion]

   It affects your evasion (+4).
   It affects your dexterity (-4).
   It affects your accuracy and damage with ranged weapons and melee attacks
   (+5).
   It protects you from fire.
   It protects you from poison.
Wands
 r - a wand of paralysis (22)
   (You found it on level 3 of the Dungeon)
 t - a wand of polymorph (42)
   (You found it on level 8 of the Dungeon)
 x - a wand of iceblast (40) {@v2}
   (You found it on level 8 of the Dungeon)
 z - a wand of acid (14) {@v1}
   (You found it on level 6 of the Dungeon)
 N - a wand of enslavement (18)
   (You found it on level 1 of the Lair of Beasts)
Scrolls
 e - 9 scrolls of identify {@r1}
 h - 5 scrolls of magic mapping {@r5 !r}
 j - 4 scrolls of holy word
 m - 4 scrolls of fog {!r}
 o - 12 scrolls of teleportation {@r3 !r}
 y - 6 scrolls of immolation
 G - 2 scrolls of vulnerability
 H - 6 scrolls of fear {!r}
 I - a scroll of brand weapon
 L - 2 scrolls of silence
 M - 3 scrolls of blinking {@r4}
 S - a scroll of summoning
Potions
 d - 17 potions of curing {@q1 !q}
 i - 9 potions of haste {@q4 !q}
 k - 2 potions of magic
 l - 4 potions of attraction
 p - a potion of brilliance
 u - 3 potions of resistance
 v - 4 potions of berserk rage
 w - 7 potions of lignification {@q6}
 A - 4 potions of flight
 C - 5 potions of might {@q3 !q}
 F - 4 potions of cancellation
 J - 6 potions of heal wounds {@q2 !q}
 P - a potion of mutation
 T - 4 potions of invisibility
 V - 4 potions of ambrosia
Miscellaneous
 q - a lightning rod (4/4)
   (You found it on level 2 of the Orcish Mines)
 K - a box of beasts
   (You found it on level 10 of the Dungeon)
 R - a condenser vane
   (You found it in the Desolation of Salt)
 U - a tin of tremorstones (2/2)
   (You found it on level 4 of the Lair of Beasts)


   Skills:
 + Level 21.0 Fighting
 - Level 19.7(20.0) Axes
 - Level 5.5(13.4) Polearms
 - Level 1.0 Crossbows
 + Level 11.8 Armour
 + Level 7.5 Dodging
 - Level 1.0 Stealth
 - Level 15.0 Shields
 - Level 1.0 Spellcasting
 - Level 1.0 Hexes
 - Level 2.6 Earth Magic
 - Level 12.0 Invocations
 + Level 13.7 Evocations


You had 23 spell levels left.
You didn't know any spells.
Your spell library contained the following spells:

 Spells                   Type           Power        Failure   Level
 Sandblast                Erth           16%          50%         1
 Corona                   Hex            3%           73%         1
 Passwall                 Tmut/Erth      3%           82%         2
 Animate Skeleton         Necr           0%           86%         1
 Apportation              Tloc           0%           86%         1
 Beastly Appendage        Tmut           0%           86%         1
 Freeze                   Ice            0%           86%         1
 Magic Dart               Conj           0%           86%         1
 Pain                     Necr           0%           86%         1
 Shock                    Conj/Air       0%           86%         1
 Sting                    Tmut/Pois      0%           86%         1
 Summon Small Mammal      Summ           0%           86%         1
 Slow                     Hex            3%           86%         2
 Ensorcelled Hibernation  Hex/Ice        4%           90%         2
 Call Imp                 Summ           0%           94%         2
 Corpse Rot               Necr/Air       N/A          94%         2
 Poisonous Vapours        Pois/Air       0%           94%         2
 Sublimation of Blood     Necr           0%           94%         2
 Wereblood                Tmut           0%           94%         2
 Stone Arrow              Conj/Erth      8%           96%         3
 Confusing Touch          Hex            3%           97%         3
 Tukima's Dance           Hex            3%           97%         3
 Call Canine Familiar     Summ           0%           99%         3
 Conjure Flame            Conj/Fire      0%           99%         3
 Frozen Ramparts          Ice            0%           99%         3
 Gell's Gravitas          Tloc           0%           99%         3
 Ignite Poison            Fire/Tmut/Pois 0%           99%         3
 Inner Flame              Hex/Fire       2%           99%         3
 Lesser Beckoning         Tloc           0%           99%         3
 Mephitic Cloud           Conj/Pois/Air  0%           99%         3
 Ozocubu's Armour         Ice            0%           99%         3
 Portal Projectile        Hex/Tloc       4%           99%         3
 Spider Form              Tmut/Pois      0%           99%         3
 Static Discharge         Conj/Air       0%           99%         3
 Summon Guardian Golem    Hex/Summ       2%           99%         3
 Airstrike                Air            0%           100%        4
 Animate Dead             Necr           0%           100%        4
 Cause Fear               Hex            1%           100%        4
 Dispel Undead            Necr           0%           100%        4
 Hailstorm                Conj/Ice       0%           100%        4
 Ice Form                 Ice/Tmut       0%           100%        4
 Leda's Liquefaction      Hex/Erth       3%           100%        4
 Olgreb's Toxic Radiance  Pois           0%           100%        4
 Petrify                  Tmut/Erth      4%           100%        4
 Summon Ice Beast         Ice/Summ       0%           100%        4
 Summon Lightning Spire   Summ/Air       0%           100%        4
 Alistair's Intoxication  Tmut/Pois      0%           100%        5
 Blade Hands              Tmut           0%           100%        5
 Borgnjor's Vile Clutch   Necr/Erth      2%           100%        5
 Excruciating Wounds      Necr           0%           100%        5
 Fireball                 Conj/Fire      0%           100%        5
 Lee's Rapid Deconstruct  Erth           4%           100%        5
 Lightning Bolt           Conj/Air       0%           100%        5
 Metabolic Englaciation   Hex/Ice        1%           100%        5
 Silence                  Hex/Air        1%           100%        5
 Summon Forest            Summ/Tloc      0%           100%        5
 Summon Mana Viper        Hex/Summ       2%           100%        5
 Yara's Violent Unravell  Hex/Tmut       1%           100%        5
 Death Channel            Necr           0%           100%        6
 Eringya's Noxious Bog    Tmut/Pois      0%           100%        6
 Freezing Cloud           Conj/Ice/Air   0%           100%        6
 Hydra Form               Tmut           0%           100%        6
 Invisibility             Hex            3%           100%        6
 Ozocubu's Refrigeration  Ice            0%           100%        6
 Shadow Creatures         Summ           N/A          100%        6
 Simulacrum               Ice/Necr       0%           100%        6
 Starburst                Conj/Fire      0%           100%        6
 Summon Hydra             Summ           0%           100%        7


Dungeon Overview and Level Annotations

Branches:
Dungeon (15/15)            Temple (0/1) D:5            Lair (6/6) D:11
  Swamp (4/4) Lair:3       Spider (4/4) Lair:2        Slime (0/5) Lair:5
    Orc (2/2) D:11            Elf (2/3) Orc:2        Vaults (5/5) D:13
  Crypt (0/3) Vaults:2     Depths (0/5) D:15        Desolation (visited)
Gauntlet (visited)

Altars:
Dithmenos
Elyvilon
Hepliaklqana
Kikubaaqudgha
Sif Muna
Trog
Vehumet
Wu Jian
Yredelemnul
Zin
Beogh

Shops:
D:6 (   D:12 [?*?   Orc:2 [=*(   Elf:2 (   Vaults:1 *   Vaults:3 (

Portals:
Trove: D:13 (give 8 potions of haste)

Annotations:
D:13 4 runed translucent doors, Buchaag's ghost, novice MiMo
Lair:1 exclusion: 2 doors
Swamp:4 Roxanne
Spider:1 2 transporters, Detar's ghost, adept HOFi


Innate Abilities, Weirdness & Mutations

You are completely covered in rugged brown scales. (AC +3, +7% HP)
You have supernaturally acute eyesight. (SInv)
Armour fits poorly on your strangely shaped body.
You can roll at nearby foes to attack.
You have a long armoured tail.
You curl defensively after being hit.
Your life essence is reduced to manifest your ancestor. (-10% HP)
You are clumsy. (Dex -2)


Message History

You slice the titan!! You freeze the titan! You tail-slap the titan.
The titan is severely wounded.
You slash the ironbrand convoker! You freeze the ironbrand convoker.
You completely miss the vault sentinel.
PotionOfStabbing barely misses the titan.
PotionOfStabbing closely misses the vault sentinel.
The vault sentinel closely misses you.
A stone giant comes into view.
The titan waves its arms in wide circles.
The air twists around and strikes you!
You block the ironbrand convoker's attack.
The stone giant is pulled toward you!
You barely miss the titan.
The titan is severely wounded.
You slash the entropy weaver! You freeze the entropy weaver.
You slice the vault sentinel!! You freeze the vault sentinel.
You kill the vault sentinel!
You slice the ironbrand convoker!! You freeze the ironbrand convoker.
You kill the ironbrand convoker!
PotionOfStabbing barely misses the titan.
PotionOfStabbing misses the entropy weaver.
You block the entropy weaver's attack. x2
The entropy weaver barely misses you. You block the entropy weaver's attack.
The stone giant is pulled toward you!
You barely miss the titan.
The titan is severely wounded.
You slash the entropy weaver! You freeze the entropy weaver.
You hit the stone giant but do no damage.
You block the stone giant's attack.
The titan waves its arms in wide circles.
The air twists around and strikes you!!
* * * LOW HITPOINT WARNING * * *
PotionOfStabbing hits the titan with a +0 broad axe of flaming!!
PotionOfStabbing burns the titan.
The titan dies!
PotionOfStabbing hits the entropy weaver with a +0 broad axe of flaming!
PotionOfStabbing burns the entropy weaver.
A tengu reaver comes into view.
It is wielding a +4 long sword of electrocution.
The tengu reaver is pulled toward you!
Your tin of tremorstones (2/2) has regained one charge.
You slice the entropy weaver!! You freeze the entropy weaver.
The entropy weaver is almost dead.
You hit the stone giant but do no damage.
You block the entropy weaver's attack.
The entropy weaver hits you but does no damage. x3
You block the stone giant's attack.
PotionOfStabbing hits the entropy weaver with a +0 broad axe of flaming.
PotionOfStabbing burns the entropy weaver.
The tengu reaver is pulled toward you!
You swap places.
PotionOfStabbing blocks the entropy weaver's attack.
The entropy weaver barely misses PotionOfStabbing.
PotionOfStabbing blocks the entropy weaver's attack. x2
You block the tengu reaver's attack. x3
PotionOfStabbing closely misses the entropy weaver.
PotionOfStabbing hits the stone giant but does no damage.
The tengu reaver blocks PotionOfStabbing's attack.
The stone giant hits PotionOfStabbing!
The entropy weaver hits PotionOfStabbing but does no damage. x2
PotionOfStabbing blocks the entropy weaver's attack.
The entropy weaver hits PotionOfStabbing.
There is a stone staircase leading up, spattered with blood here.
Items here: $ ((( )) ? [ †.
The tengu reaver gestures at you while chanting.
The bolt of acid hits you!
* * * LOW HITPOINT WARNING * * *
The acid corrodes you!
You are splashed with acid!
* * * LOW HITPOINT WARNING * * *
PotionOfStabbing barely misses the entropy weaver.
PotionOfStabbing barely misses the tengu reaver.
PotionOfStabbing hits the stone giant with a +0 broad axe of flaming.
PotionOfStabbing burns the stone giant.
The stone giant throws a large rock.
PotionOfStabbing reflects the large rock off their +0 tower shield of reflection!
The large rock hits the stone giant!!
The entropy weaver barely misses PotionOfStabbing.
The entropy weaver hits PotionOfStabbing but does no damage.
PotionOfStabbing blocks the entropy weaver's attack.
The entropy weaver barely misses PotionOfStabbing.
You climb upwards.
There is a stone staircase leading down, spattered with blood here.
The tengu reaver blocks your attack.
The tengu reaver gestures at you while chanting.
The bolt of poison hits you!
You are poisoned.
You resist.
* * * LOW HITPOINT WARNING * * *
PotionOfStabbing hits the tengu reaver with a +0 broad axe of flaming!
PotionOfStabbing burns the tengu reaver.
The tengu reaver blocks your attack.
You catch the helpless tengu reaver completely off-guard!
You cut the tengu reaver into ribbons!!!
You freeze the tengu reaver. You tail-slap the tengu reaver.
The tengu reaver is severely wounded.
You feel sick.
PotionOfStabbing loses the glow of perfection.
The tengu reaver points at you and mumbles some strange words.
The bolt of acid hits you!!
* * * LOW HITPOINT WARNING * * *
You are splashed with acid!
You die...

#........#...
#........'...
#........#...
#........#...
###############'###...
#.......'.........#...
#.......#.........#...
#....RQ.#.........####
#...[@..#.........#
#....[[.#.........#
#.......#.........#
#.......######'#######
########'###
#......... #.........#
#......... #.........#
#......... #.........#
#...>..... #....[....#
#.........


You could see the friendly PotionOfStabbing the knight (fast) and a tengu
reaver.

Vanquished Creatures
  Mennas (Vaults:3)
  Boris (Vaults:3)
  Xtahua (Vaults:2)
  Nikola (Spider:4)
  A tentacled monstrosity (Vaults:3)
  A lich (Vaults:5)
  A quicksilver dragon (Vaults:5)
  A deep elf blademaster (Elf:2)
  2 titans
  Kirke (Swamp:4)
  2 sphinxes (Vaults:4)
  A tentacled starspawn (Abyss:3)
  A fenstrider witch (Swamp:2)
  A tengu reaver (Vaults:5)
  2 storm dragons
  2 fire giants
  A frost giant (Vaults:4)
  2 ghost moths (Spider:4)
  Louise (Swamp:2)
  A cacodemon (Abyss:3)
  A deep elf sorcerer (Vaults:4)
  An orc warlord (Orc:2)
  3 imperial myrmidons (Desolation)
  10 vault wardens
  5 emperor scorpions
  An iron dragon (Vaults:5)
  6 very ugly things
  2 war gargoyles (Vaults:5)
  15 ironheart preservers
  6 stone giants
  3 entropy weavers
  A halazid warlock (Desolation)
  2 deep elf demonologists
  A minotaur (Gauntlet)
  A spark wasp (Spider:4)
  Azrael (Elf:2)
  4 bunyips
  2 eleionomae
  3 deep elf death magi
  3 crystal guardians
  2 ettins
  20 hydras
  9 ragged hierophants (Desolation)
  A deep elf high priest (Vaults:3)
  9 yaktaur captains
  2 shambling mangroves (Swamp:3)
  3 fire dragons
  2 servants of whispers (Desolation)
  A great orb of eyes (Vaults:1)
  4 peacekeepers (Desolation)
  34 vault guards
  5 ice dragons
  3 rakshasas
  6 ghost crabs
  10 boulder beetles
  10 centaur warriors
  A catoblepas (D:15)
  Erica (Lair:1)
  42 two-headed ogres
  10 alligators
  18 dancing weapons
  11 ogre magi
  A deep troll shaman (Vaults:4)
  6 orc high priests (Orc:2)
  A queen ant (Spider:2)
  4 thrashing horrors
  2 tengu warriors
  15 deep elf knights
  A fire crab (shapeshifter) (Vaults:2)
  A shadow wraith (Vaults:4)
  2 sixfirhies (Abyss:3)
  An unseen horror (D:12)
  11 deep trolls (Vaults:4)
  5 deep elf archers
  2 goliath frogs (Swamp:1)
  20 ironbrand convokers
  7 wizards
  8 swamp dragons
  4 spriggan druids
  3 necromancers
  7 bog bodies
  7 harpies
  Pikel (D:7)
  A harpy (shapeshifter) (Vaults:1)
  8 starcursed masses
  A tengu zombie (Vaults:4)
  38 deep elf magi
  38 ugly things
  17 orc knights
  9 orb spiders
  An orb spider (shapeshifter) (D:15)
  24 wolf spiders
  6 orc sorcerers
  6 cyclopes
  2 manticores
  A frost giant zombie (Vaults:4)
  A manticore (shapeshifter) (Vaults:5)
  2 will-o-the-wisps
  A worldbinder (Abyss:3)
  13 elephants
  2 moths of wrath
  3 centaur zombies
  16 vault sentinels
  2 guardian serpents (Desolation)
  2 black mambas (Lair:3)
  An orange demon (Abyss:3)
  3 torpor snails
  7 large abominations
  11 cane toads
  A hellion (Abyss:3)
  2 centaur skeletons
  Maggie (Lair:2)
  A rime drake (Lair:6)
  4 komodo dragons
  9 demonic crawlers
  23 yaktaurs
  4 trolls
  23 jumping spiders
  A merfolk (shapeshifter) (Vaults:1)
  A queen bee (shapeshifter) (Vaults:1)
  2 polar bears (Lair:6)
  23 hornets
  6 tyrant leeches
  45 saltlings (Desolation)
  4 raiju (Abyss:3)
  10 slime creatures
  2 dream sheep (Lair:6)
  2 ettin zombies
  16 blink frogs
  17 spriggans
  2 air elementals
  13 tarantellas
  A centaur simulacrum (D:15)
  32 redbacks
  A hog (Swamp:4)
  2 water elementals
  A vampire (D:14)
  18 humans (D:13)
  10 wraiths
  4 wyverns
  4 basilisks
  37 yaks
  2 steam dragons
  A deep troll zombie (Vaults:4)
  A naga (shapeshifter) (Vaults:3)
  9 vampire mosquitoes
  6 water moccasins
  18 swamp worms
  3 small abominations (Gauntlet)
  8 wargs
  Edmund (D:6)
  8 soldier ants (Spider:2)
  5 hell hounds (Elf:2)
  69 orc warriors
  9 swamp drakes
  5 black bears (Lair:6)
  13 ice beasts
  41 ogres
  4 sky beasts
  3 phantoms
  An eye of draining (D:12)
  13 boggarts
  11 centaurs
  2 lemures (D:7)
  33 wolves
  A human skeleton (Vaults:2)
  2 human zombies
  A big kobold (D:11)
  14 bullfrogs
  3 earth elementals
  A scorpion (D:8)
  5 killer bees (D:11)
  A water moccasin skeleton (D:9)
  3 human simulacra
  5 wights
  2 howler monkeys
  2 bullfrog zombies (D:12)
  2 quasits
  4 jellies
  6 hounds
  32 orc priests
  A bullfrog skeleton (D:12)
  3 hell rats (Lair:5)
  5 iguanas
  27 orc wizards
  31 worker ants
  2 killer bee zombies
  A hound zombie (D:7)
  2 hound skeletons
  2 gnolls (D:7)
  12 adders
  3 river rats (Lair:5)
  3 white imps
  2 ufetubi
  An adder skeleton (D:6)
  2 adder zombies
  A worm (D:2)
  3 dart slugs
  6 leopard geckos
  105 orcs
  3 giant cockroaches
  6 goblins
  7 hobgoblins
  8 jackals
  2 quokkas
  6 bats
  2 frilled lizards (D:1)
  A jackal skeleton (D:4)
  14 kobolds
  A leopard gecko skeleton (D:7)
  12 rats
  3 starspawn tentacles (Abyss:3)
1574 creatures vanquished.

Vanquished Creatures (collateral kills)
  2 ancient liches
  Saint Roka (Vaults:5)
  A titan (Vaults:5)
  Agnes (Spider:2)
  A tengu reaver (Vaults:5)
  A fire giant (D:15)
  2 vault wardens
  3 ironheart preservers
  5 very ugly things
  A stone giant (Vaults:4)
  An entropy weaver (Spider:2)
  A bunyip (Swamp:1)
  A lorocyproca (Abyss:3)
  2 spark wasps
  2 deep elf death magi
  2 ettins
  A green death (Abyss:3)
  A death ooze (Gauntlet)
  An eleionoma (Swamp:4)
  A fire dragon (Vaults:2)
  Josephine (Lair:4)
  3 ogre magi
  2 boulder beetles (Vaults:5)
  6 vault guards
  2 yaktaur captains
  2 hydras
  A rakshasa (Vaults:3)
  2 servants of whispers (Desolation)
  An ice dragon (Vaults:1)
  A centaur warrior (Vaults:1)
  An alligator (Swamp:3)
  A dancing weapon (Elf:2)
  7 two-headed ogres
  2 deep elf knights
  A thrashing horror (Gauntlet)
  A wizard (Vaults:1)
  A glowing orange brain (Vaults:2)
  A deep troll (Vaults:4)
  A lindwurm (Lair:6)
  An ironbrand convoker (Vaults:1)
  4 deep elf archers
  A harpy (Vaults:3)
  A necromancer (Vaults:2)
  2 orb spiders (Spider:4)
  6 deep elf magi
  6 ugly things
  3 wolf spiders
  A mana viper (shapeshifter) (Vaults:5)
  An orc knight (Vaults:1)
  A faun (shapeshifter) (Vaults:3)
  A will-o-the-wisp (Swamp:1)
  A large abomination (Elf:1)
  A centaur zombie (D:15)
  A vault sentinel (Vaults:3)
  A molten gargoyle (Desolation)
  A cane toad (Lair:5)
  A centaur skeleton (D:10)
  4 yaktaurs
  A yaktaur (shapeshifter) (Vaults:4)
  A troll (D:12)
  A komodo dragon (Lair:6)
  A freezing wraith (Vaults:4)
  3 jumping spiders
  A wind drake (shapeshifter) (Vaults:4)
  7 saltlings (Desolation)
  A raiju (Abyss:3)
  3 tarantellas
  A redback (Spider:3)
  An air elemental (Elf:2)
  A spriggan (Lair:6)
  2 wraiths
  A fire elemental (Elf:2)
  3 yaks
  A wyvern (shapeshifter) (Vaults:3)
  A basilisk (Lair:4)
  A neqoxec (Abyss:3)
  A human (D:13)
  2 swamp worms (Swamp:4)
  3 wargs
  A water moccasin (D:12)
  A black bear (D:8)
  A swamp drake (Swamp:4)
  3 orc warriors
  A sky beast (D:7)
  A phantom (D:12)
  4 ogres
  4 wolves
  2 small abominations
  2 centaurs
  A big kobold (D:7)
  An elf zombie (Elf:1)
  3 bullfrogs
  A human skeleton (Vaults:4)
  A killer bee (D:11)
  A wight (D:15)
  A quasit (D:8)
  2 hounds
  3 orc priests
  4 orc wizards
  2 worker ants
  A gnoll (D:7)
  5 adders
  A shadow imp (D:5)
  A white imp (Vaults:4)
  3 ufetubi
  2 worms
  2 leopard geckos
  11 orcs
  2 giant cockroaches
  2 jackals (D:2)
  A frilled lizard (D:4)
  A kobold (D:2)
  A leopard gecko skeleton (D:4)
  A rat (D:2)
  A butterfly (Lair:2)
218 creatures vanquished.

Vanquished Creatures (others)
  A hydra (Swamp:4)
  A deep elf knight (Elf:1)
  A shadow wraith (Vaults:1)
  A goliath frog (Swamp:4)
  A swamp dragon (Swamp:4)
  3 bloated husks
  A jumping spider (Spider:4)
  A spriggan (Swamp:4)
  A swamp worm (Swamp:4)
  A swamp drake (Swamp:4)
  An ogre (Vaults:3)
  An orc priest (Orc:2)
  7 knights
  An ancestor (D:4)
  2 kobolds (D:7)
  A quokka (D:15)
  A bush (Lair:4)
  6 foxfires (Swamp:1)
  47 fungi
  76 plants
  A starspawn tentacle (Abyss:3)
156 creatures vanquished.

Grand Total: 1948 creatures vanquished

Notes
Turn   | Place    | Note
-------+----------+-------------------------------------------
     0 | D:1      | EnegeticOcto the Palentonga Wanderer began the quest for
                  | the Orb.
     0 | D:1      | EnegeticOcto set off with the following items: a +0 club, a
                  | +0 robe; and the following spells available to memorise:
                  | Sandblast, Passwall, Sting, Stone Arrow, Mephitic Cloud,
                  | Petrify, Lee's Rapid Deconstruction
     0 | D:1      | Reached XP level 1. HP: 18/18 MP: 2/2
   401 | D:1      | Reached XP level 2. HP: 24/26 MP: 3/3
   599 | D:1      | Reached skill level 3 in Fighting
  1606 | D:2      | Reached XP level 3. HP: 32/33 MP: 4/4
  2077 | D:2      | Found a hazy altar of Hepliaklqana.
  2081 | D:2      | Became a worshipper of Hepliaklqana the Forgotten
  2097 | D:2      | Reached skill level 1 in Axes
  2706 | D:3      | Reached XP level 4. HP: 35/38 MP: 5/5
  2794 | D:3      | Reached skill level 2 in Axes
  3485 | D:4      | Reached * piety under Hepliaklqana
  3511 | D:4      | Reached skill level 4 in Fighting
  3975 | D:4      | Reached XP level 5. HP: 28/44 MP: 6/6
  3994 | D:4      | Reached skill level 1 in Polearms
  4331 | D:4      | Reached skill level 2 in Polearms
  4357 | D:4      | Noticed a phantom
  4372 | D:5      | Entered Level 5 of the Dungeon
  4528 | D:4      | Killed a phantom
  4529 | D:4      | Reached XP level 6. HP: 51/51 MP: 7/7
  4571 | D:4      | Reached skill level 3 in Polearms
  5113 | D:5      | Reached skill level 5 in Fighting
  5122 | D:5      | Found a shadowy altar of Dithmenos.
  5123 | D:5      | You fall into a shaft and drop 2 floors!
  5127 | D:7      | Found a bloodstained altar of Trog.
  5132 | D:7      | Noticed an ice beast
  5173 | D:6      | Found Noyhajat's Weapon Boutique.
  5202 | D:5      | Found a staircase to the Ecumenical Temple.
  5233 | D:5      | Reached skill level 4 in Polearms
  5233 | D:5      | Gained mutation: You curl defensively after being hit.
                  | [Palentonga growth]
  5233 | D:5      | Reached XP level 7. HP: 55/59 MP: 8/8
  5651 | D:5      | Reached ** piety under Hepliaklqana
  5677 | D:5      | Remembered your ancestor PotionOfStabbing as a knight
  5805 | D:6      | Noticed Edmund
  5820 | D:6      | Killed Edmund
  5821 | D:6      | Reached skill level 5 in Polearms
  5995 | D:6      | Reached skill level 6 in Fighting
  6609 | D:7      | Reached skill level 3 in Axes
  6643 | D:7      | Reached *** piety under Hepliaklqana
  6675 | D:7      | Reached XP level 8. HP: 67/67 MP: 9/9
  6774 | D:7      | Noticed Pikel
  6779 | D:7      | Killed Pikel
  6780 | D:7      | Reached skill level 5 in Axes
  7019 | D:7      | Reached skill level 7 in Fighting
  7258 | D:7      | Reached skill level 6 in Axes
  7686 | D:7      | Reached skill level 7 in Axes
  7686 | D:7      | Reached XP level 9. HP: 76/76 MP: 10/10
  8063 | D:8      | Reached skill level 8 in Axes
  8353 | D:8      | Found an ornate altar of the Wu Jian Council.
  8865 | D:8      | Reached skill level 2 in Evocations
  9178 | D:8      | Found an ancient bone altar of Kikubaaqudgha.
  9250 | D:8      | Reached **** piety under Hepliaklqana
  9491 | D:9      | Noticed a cyclops
  9503 | D:9      | Killed a cyclops
  9504 | D:9      | Reached skill level 9 in Axes
  9504 | D:9      | Reached skill level 1 in Shields
  9504 | D:9      | Reached skill level 3 in Evocations
  9533 | D:9      | Found a radiant altar of Vehumet.
  9559 | D:9      | Noticed a six-headed hydra
  9569 | D:9      | Killed a five-headed hydra
  9570 | D:9      | Reached skill level 2 in Shields
  9570 | D:9      | Reached XP level 10. HP: 13/83 MP: 11/11
  9928 | D:9      | Found a shadowy altar of Dithmenos.
  9937 | D:9      | Reached skill level 10 in Axes
 10251 | D:9      | Noticed a boulder beetle
 10263 | D:9      | Killed a boulder beetle
 10264 | D:9      | Reached skill level 3 in Shields
 10264 | D:9      | Reached skill level 4 in Evocations
 10581 | D:9      | Got a dazzling ring mail
 10591 | D:9      | Identified the +1 ring mail "Ofimy" {rPois rN+ Str-2} (You
                  | found it on level 9 of the Dungeon)
 10623 | D:10     | Entered Level 10 of the Dungeon
 11038 | D:10     | Reached skill level 11 in Axes
 11215 | D:10     | Reached skill level 5 in Evocations
 11267 | D:10     | Reached skill level 4 in Shields
 11868 | D:11     | Noticed a manticore
 11872 | D:11     | Killed a manticore
 11873 | D:11     | Reached XP level 11. HP: 47/89 MP: 12/12
 12109 | D:11     | Reached skill level 12 in Axes
 12330 | D:11     | Reached skill level 5 in Shields
 12755 | D:11     | Noticed a two-headed ogre
 12771 | D:11     | Noticed an orc knight
 12917 | D:11     | Killed a two-headed ogre
 13377 | D:11     | Killed an orc knight
 13379 | D:11     | Found a staircase to the Orcish Mines.
 13451 | D:11     | Found a staircase to the Lair.
 13741 | Lair:1   | Entered Level 1 of the Lair of Beasts
 13748 | Lair:1   | Noticed a five-headed hydra
 13755 | Lair:1   | Killed a one-headed hydra
 13756 | Lair:1   | Reached skill level 13 in Axes
 13867 | Lair:1   | Noticed Erica
 13881 | Lair:1   | Killed Erica
 13882 | Lair:1   | Reached skill level 6 in Shields
 14019 | Lair:1   | Reached ***** piety under Hepliaklqana
 14129 | Lair:1   | Identified the +2 hand axe of True Grit {flame, rC+} (You
                  | found it on level 1 of the Lair of Beasts)
 14267 | Lair:1   | Reached skill level 1 in Invocations
 14389 | Lair:1   | Noticed a four-headed hydra
 14397 | Lair:1   | Killed a one-headed hydra
 14398 | Lair:1   | Reached skill level 1 in Armour
 14398 | Lair:1   | Reached skill level 1 in Dodging
 14940 | Lair:2   | Reached skill level 2 in Invocations
 15264 | Lair:2   | Reached XP level 12. HP: 83/97 MP: 13/13
 15375 | Lair:2   | Reached skill level 15 in Axes
 15375 | Lair:2   | Reached XP level 13. HP: 101/101 MP: 14/14
 15379 | Lair:2   | Found a hole to the Spider Nest.
 15678 | Lair:2   | Noticed Maggie
 15682 | Lair:2   | Killed Maggie
 16453 | Lair:3   | Found a staircase to the Swamp.
 16462 | Lair:3   | Reached skill level 2 in Armour
 16462 | Lair:3   | Reached skill level 2 in Dodging
 16695 | Lair:3   | Reached skill level 3 in Invocations
 18051 | Lair:4   | Noticed Josephine
 18052 | Lair:4   | Reached skill level 3 in Armour
 18052 | Lair:4   | Reached skill level 3 in Dodging
 18052 | Lair:4   | Reached skill level 4 in Invocations
 18054 | Lair:4   | Reached skill level 7 in Shields
 18062 | Lair:4   | Killed Josephine
 18518 | Lair:4   | Reached skill level 5 in Invocations
 18530 | Lair:4   | Reached skill level 4 in Armour
 19159 | Lair:5   | Reached skill level 6 in Invocations
 19352 | Lair:5   | Reached skill level 8 in Shields
 19434 | Lair:5   | Reached ****** piety under Hepliaklqana
 19443 | Lair:5   | Got a transparent copper ring
 19459 | Lair:5   | Found a staircase to the Slime Pits.
 19464 | Lair:5   | Identified the ring "Moalomon" {rF+ rN+ Stlth+} (You found
                  | it on level 5 of the Lair of Beasts)
 19522 | Lair:5   | Reached skill level 5 in Armour
 19910 | Lair:6   | Entered Level 6 of the Lair of Beasts
 19958 | Lair:6   | Reached skill level 7 in Invocations
 20114 | Lair:6   | Reached XP level 14. HP: 65/109 MP: 19/19
 20439 | Lair:6   | Identified Letelof's Disquisition on Air
 20785 | Lair:6   | Reached skill level 6 in Armour
 20785 | Lair:6   | Reached skill level 8 in Invocations
 20808 | Lair:6   | Identified the -4 helmet "Joff" {rF- Dex+4} (You found it
                  | on level 6 of the Lair of Beasts)
 20859 | Lair:6   | Reached skill level 9 in Shields
 22035 | D:12     | Found Loggas Epre's Antique Armour Emporium.
 22077 | D:12     | Found Jiywn's Magic Scroll Boutique.
 22263 | D:12     | Reached skill level 8 in Fighting
 22263 | D:12     | Reached skill level 6 in Evocations
 22275 | D:12     | Reached skill level 9 in Invocations
 22581 | D:12     | Got a wavering lead ring
 22921 | D:12     | Got a vibrating granite ring
 22922 | D:12     | Identified the ring "Kiluam" {rF++ rCorr Dex-3} (You found
                  | it on level 12 of the Dungeon)
 22941 | D:12     | Identified the cursed ring "Gatimod" {rF+ Int-4} (You found
                  | it on level 12 of the Dungeon)
 23000 | D:12     | Got a slimy glass ring
 23003 | D:12     | Got a vibrating marble ring
 23058 | D:12     | Found Pishrot's Assorted Antiques.
 23121 | D:12     | Bought a scroll labelled LARIWE DUNN for 25 gold pieces
 23215 | D:12     | Found Ziud's Magic Scroll Shop.
 23216 | D:12     | Identified the ring of the Garden {+Blink rElec rC- rN+
                  | Slay+5} (You found it on level 12 of the Dungeon)
 23234 | D:12     | Bought a scroll of acquirement for 780 gold pieces
 23234 | D:12     | Acquired a +7 war axe of freezing
 23375 | D:12     | Identified the ring "Fahidyl" {rPois rF+ EV+4 Dex-4 Slay+5}
                  | (You found it on level 12 of the Dungeon)
 23390 | D:13     | Found a portal to a secret trove of treasure.
 23683 | D:13     | Noticed Buchaag's ghost (novice MiMo)
 23928 | D:13     | Found a runed translucent gate.
 23931 | D:13     | Found a runed translucent gate.
 23932 | D:13     | Found a runed translucent gate.
 23971 | D:13     | Found a glowing silver altar of Zin.
 23971 | D:13     | Found a runed translucent door.
 23971 | D:13     | Noticed an angel
 24090 | D:13     | Reached skill level 7 in Evocations
 24091 | D:13     | Reached skill level 9 in Fighting
 24099 | D:13     | Reached skill level 10 in Invocations
 24137 | D:13     | Reached XP level 15. HP: 102/121 MP: 22/22
 24227 | D:13     | Found a gate to the Vaults.
 25044 | Orc:1    | Entered Level 1 of the Orcish Mines
 25703 | Orc:2    | Entered Level 2 of the Orcish Mines
 25717 | Orc:2    | Reached skill level 8 in Evocations
 26157 | Orc:2    | Reached skill level 10 in Fighting
 26211 | Orc:2    | Found a roughly hewn altar of Beogh.
 26222 | Orc:2    | Reached skill level 11 in Invocations
 26838 | Orc:2    | Found Pumabbum's Weapon Boutique.
 26847 | Orc:2    | Found Ejas's Assorted Antiques.
 27544 | Orc:2    | Found a staircase to the Elven Halls.
 27940 | Orc:2    | Found a roughly hewn altar of Beogh.
 27940 | Orc:2    | Noticed an orc warlord
 27951 | Orc:2    | Killed an orc warlord
 27952 | Orc:2    | Reached skill level 9 in Evocations
 28083 | Orc:2    | Found Yqengila's Armour Shop.
 28159 | Orc:2    | Bought a +0 pair of gloves of dexterity for 161 gold pieces
 28183 | Orc:2    | Found Koifugh's Jewellery Emporium.
 28572 | D:12     | Bought a shiny plate armour for 832 gold pieces
 28870 | D:14     | Found a gate leading to a gauntlet.
 28877 | Gauntlet | Entered a Gauntlet
 28877 | Gauntlet | Found a transporter.
 28885 | Gauntlet | Found a transporter.
 28887 | Gauntlet | Found a transporter.
 28893 | Gauntlet | Found a runed translucent gate.
 28893 | Gauntlet | Found a runed translucent gate.
 28893 | Gauntlet | Found a runed translucent gate.
 28895 | Gauntlet | Found a transporter.
 28897 | Gauntlet | Found a transporter.
 28901 | Gauntlet | Found a runed translucent door.
 28903 | Gauntlet | Found a runed translucent door.
 28905 | Gauntlet | Found a transporter.
 28924 | Gauntlet | Found a transporter.
 28931 | Gauntlet | Found a transporter.
 28941 | Gauntlet | Found a transporter.
 28958 | Gauntlet | Found a transporter.
 28968 | Gauntlet | Found a transporter.
 28968 | Gauntlet | Found a transporter.
 29011 | Gauntlet | Found a transporter.
 29025 | Gauntlet | Found a transporter.
 29200 | Gauntlet | Reached skill level 11 in Fighting
 29204 | Gauntlet | Reached skill level 12 in Invocations
 29481 | Gauntlet | Identified Ysoavvix's Incunabulum of Shape Shifting
 30271 | D:14     | Reached skill level 12 in Fighting
 30271 | D:14     | Reached skill level 10 in Evocations
 30665 | D:15     | Entered Level 15 of the Dungeon
 30684 | D:15     | Reached XP level 16. HP: 124/134 MP: 25/25
 30877 | D:15     | Found a staircase to the Depths.
 31283 | D:15     | Reached skill level 13 in Fighting
 31354 | D:15     | Found a white marble altar of Elyvilon.
 31609 | D:15     | Found a gateway to a bazaar.
 32077 | Spider:1 | Entered Level 1 of the Spider Nest
 32338 | Spider:1 | Reached skill level 11 in Evocations
 32767 | Spider:1 | Noticed Detar's ghost (adept HOFi)
 32770 | Spider:1 | Found a transporter.
 32816 | Spider:1 | Found a transporter.
 33250 | Spider:2 | Reached skill level 14 in Fighting
 33276 | Spider:2 | Noticed Agnes
 33292 | Spider:2 | Killed Agnes
 35117 | Spider:3 | Reached skill level 7 in Armour
 35452 | Spider:3 | Reached skill level 15 in Fighting
 36113 | Spider:4 | Entered Level 4 of the Spider Nest
 36236 | Spider:4 | Noticed Nikola
 36246 | Spider:4 | Killed Nikola
 36603 | Spider:4 | Reached skill level 12 in Evocations
 36922 | Spider:4 | Got a smoking lapis lazuli ring
 36933 | Spider:4 | Identified the ring "Ibiptua" {*Tele +Inv Will+ Dex+5} (You
                  | found it on level 4 of the Spider Nest)
 37101 | Spider:4 | Reached XP level 17. HP: 118/152 MP: 26/26
 37111 | Spider:4 | Reached skill level 8 in Armour
 37559 | Spider:4 | Reached skill level 16 in Fighting
 37843 | Spider:4 | Got a gossamer rune of Zot
 38073 | Swamp:1  | Entered Level 1 of the Swamp
 38207 | Swamp:1  | Reached skill level 9 in Armour
 39016 | Swamp:2  | Paralysed by a fenstrider witch for 3 turns
 39146 | Swamp:2  | Noticed Louise
 39169 | Swamp:2  | Killed Louise
 39437 | Swamp:2  | Identified the +9 chain mail of Upsoerphu {-Tele *Slow
                  | rElec Str+9} (You found it on level 2 of the Swamp)
 41056 | Swamp:4  | Entered Level 4 of the Swamp
 41056 | Swamp:4  | Noticed Roxanne
 41095 | Swamp:4  | Reached skill level 10 in Armour
 41371 | Swamp:4  | Reached skill level 17 in Fighting
 41640 | Swamp:4  | Reached skill level 10 in Shields
 41640 | Swamp:4  | Reached XP level 18. HP: 105/164 MP: 27/27
 42451 | Swamp:4  | Got a decaying rune of Zot
 42493 | Swamp:4  | Noticed Kirke
 42501 | Swamp:4  | Killed Kirke
 43059 | Elf:1    | Entered Level 1 of the Elven Halls
 43131 | Elf:1    | Found a ruined gateway.
 43137 | Desolati | Entered the Desolation of Salt
 43569 | Desolati | Reached skill level 11 in Shields
 43781 | Desolati | Reached skill level 18 in Fighting
 44151 | Desolati | Got a wavering ruby amulet
 44152 | Desolati | Identified the amulet "Cuanae" {Faith rElec rF+ rN+} (You
                  | found it in the Desolation of Salt)
 44155 | Desolati | Identified the +9 plate armour "Mivom" {Will+ Str+6 Stlth-}
                  | (You found it in the Desolation of Salt)
 44273 | Desolati | Identified the Volume of Orientation and Conjuration
 44282 | Desolati | Found the +12 glaive of Prune {vorpal}
 44339 | Desolati | Identified Sif Muna's Guide on the Volcanoes and Black
                  | Secrets
 44347 | Desolati | Identified the ring "Defeom" {rPois rN+++ EV+4 Str-5
                  | Stlth+} (You found it in the Desolation of Salt)
 44722 | Desolati | Identified the Guide on Harmful Hexes
 45591 | Elf:1    | Identified Kikubaaqudgha's Catalogue of Darkness
 45644 | Elf:1    | Reached skill level 12 in Shields
 46071 | Elf:1    | Found Buiminn's Antique Armour Shoppe.
 46516 | Elf:2    | Reached XP level 19. HP: 175/175 MP: 28/28
 46564 | Elf:2    | Found a shimmering blue altar of Sif Muna.
 46669 | Elf:2    | Noticed Azrael
 46676 | Elf:2    | Killed Azrael
 46933 | Elf:2    | Reached skill level 19 in Fighting
 47121 | Elf:2    | Found a runed translucent gate.
 47121 | Elf:2    | Found a runed translucent gate.
 47122 | Elf:2    | Found a runed translucent gate.
 47754 | Elf:2    | Found Ahej's Weapon Emporium.
 48051 | Bazaar   | Entered a bazaar
 48065 | Bazaar   | Found Vulause's Gadget Shoppe.
 48080 | Bazaar   | Found Haff's Book Shoppe.
 48080 | Bazaar   | Found Unitir's Jewellery Emporium.
 48101 | Bazaar   | Found Foir's Distillery.
 48137 | Bazaar   | Bought a potion of heal wounds for 50 gold pieces
 48137 | Bazaar   | Bought a potion of heal wounds for 50 gold pieces
 48137 | Bazaar   | Bought a potion of heal wounds for 50 gold pieces
 48137 | Bazaar   | Bought a potion of curing for 30 gold pieces
 48137 | Bazaar   | Bought a potion of resistance for 100 gold pieces
 48137 | Bazaar   | Bought a potion of curing for 30 gold pieces
 48449 | Elf:2    | Bought a +0 broad axe for 64 gold pieces
 48684 | Vaults:1 | Entered Level 1 of the Vaults
 48960 | Vaults:1 | Reached skill level 13 in Shields
 49452 | Vaults:1 | Reached skill level 16 in Axes
 49838 | Vaults:1 | Found Gomm's General Store.
 49844 | Vaults:1 | Bought a scroll of magic mapping for 66 gold pieces
 49844 | Vaults:1 | Bought a potion of curing for 57 gold pieces
 50092 | Vaults:1 | Paralysed by a great orb of eyes for 6 turns
 50576 | Vaults:1 | Reached XP level 20. HP: 153/185 MP: 29/29
 50990 | Vaults:2 | Reached skill level 20 in Fighting
 51122 | Vaults:2 | Noticed Xtahua
 51129 | Vaults:2 | Killed Xtahua
 51130 | Vaults:2 | Reached skill level 14 in Shields
 51684 | Vaults:2 | Reached skill level 17 in Axes
 51887 | Vaults:2 | Found a staircase to the Crypt.
 51887 | Vaults:2 | Found a basalt altar of Yredelemnul.
 51888 | Vaults:2 | Found an ancient bone altar of Kikubaaqudgha.
 52948 | Vaults:3 | Found Puskieq's Weapon Shoppe.
 53550 | Vaults:3 | Noticed Mennas
 53562 | Vaults:3 | Killed Mennas
 53768 | Vaults:3 | Reached skill level 18 in Axes
 53768 | Vaults:3 | Reached skill level 15 in Shields
 54008 | Vaults:3 | Reached XP level 21. HP: 185/194 MP: 30/30
 54466 | Vaults:3 | Noticed Boris
 54484 | Vaults:3 | Killed Boris
 54631 | Vaults:3 | Reached skill level 19 in Axes
 55822 | Vaults:4 | Reached skill level 4 in Dodging
 56746 | Vaults:4 | Reached skill level 5 in Dodging
 56757 | Vaults:4 | Reached XP level 22. HP: 174/203 MP: 31/31
 56946 | Vaults:5 | Entered Level 5 of the Vaults
 56946 | Vaults:5 | Noticed an ancient lich
 56971 | Vaults:4 | Killed an ancient lich
 56972 | Vaults:4 | Reached skill level 11 in Armour
 57205 | Vaults:5 | Reached skill level 13 in Evocations
 57216 | Vaults:5 | Reached skill level 6 in Dodging
 57217 | Vaults:5 | Gained mutation: You are clumsy. (Dex -2) [a cacodemon]
 57344 | Vaults:5 | Noticed Saint Roka
 57358 | Vaults:5 | Killed Saint Roka
 57629 | Vaults:5 | Noticed an ancient lich
 57641 | Vaults:5 | Cast into level 3 of the Abyss (vault warden)
 57933 | Abyss:3  | Found a corrupted altar of Lugonu.
 57982 | Abyss:3  | Reached skill level 7 in Dodging
 57993 | Vaults:5 | Escaped the Abyss
 58438 | Vaults:5 | Killed an ancient lich
 58439 | Vaults:5 | Reached skill level 21 in Fighting
 58450 | Vaults:4 | HP: 8/206 [tengu reaver/bolt of acid (24)]
 58450 | Vaults:4 | Splashed by a tengu reaver's acid

Illustrated notes

Levels and vault maps discovered:
D:1:      wander_arrival_chamber, layout_basic, solitary_fountain
D:2:      layout_basic, nzn_hepliaklqana_mist_gate, serial_bayou,
          serial_bayou_pond_d, serial_bayou_shore_a, serial_bayou_lagoon_a,
          serial_bayou_shore_b, dk_noncrumbling_4
D:3:      layout_basic
D:4:      layout_basic
D:5:      layout_basic, minmay_temple_entry_junction_2, kennysheep_flooded_box
D:6:      layout_gridville, serial_shops, shop_fountains, uniq_edmund
D:7:      layout_loops_cross, lemuel_round_altar, serial_bayou_pond_e,
          uniq_pikel
D:8:      layout_basic, kennysheep_mini_moat, basic_altar
D:9:      layout_basic, vehumet_crystals, nicolae_dithmenos_the_darkroom
D:10:     layout_roguey
D:11:     layout_basic, david_lair_shrubbed, erik_orc_2
D:12:     minmay_the_grid_triangle_9x9_recursive_2_mashed
          [minmay_the_grid_triangle_9x9_prize_special,
          minmay_the_grid_triangle_9x9_semitri,
          minmay_the_grid_triangle_9x9_checkered,
          minmay_the_grid_triangle_9x9_sprig], layout_long_grid, serial_shops,
          shop, nicolae_shop_waterfront, shop, shop
D:13:     layout_gridville, grunt_vaults_entry_tiered,
          maelrawn_ghost_gauntlet_escape, nicolae_trove_entry_isolated,
          lemuel_angel_altar
D:14:     layout_basic, gauntlet_entry_generic, hangedman_decor_lopped
D:15:     grunt_enter_depths_giant_problem, layout_basic, serial_shops,
          bzr_entry_road, elyvilon_altar_4
Lair:1:   layout_small_grid, portal_ice_cave_demonic_guard, grunt_megastairs_3,
          serial_bayou_shore_b, uniq_erica
Lair:2:   layout_layer_cave, spider_nest_entry_webs, lemuel_fruit_fields,
          uniq_maggie
Lair:3:   layout_regular_city, skrybe_swamp_entry_bodies,
          infiniplex_staircase_pool_2
Lair:4:   layout_loops_ring, uniq_josephine
Lair:5:   layout_regular_city, slime_dummy, minivault_27,
          kennysheep_abandoned_house, lemuel_fruit_fields
Lair:6:   minmay_lair_end_enchanted_forest, layout_regular_city,
          chequers_serial_rivers_room_b, grunt_megastairs_2,
          infiniplex_staircase_pool
Swamp:1:  layout_falls_marsh, nicolae_swamp_feature_on_the_river_bank,
          swamp_pool3
Swamp:2:  layout_basic_swamp, nicolae_swamp_little_tower, lightli_tree_ring,
          uniq_louise
Swamp:3:  layout_basic_swamp, nicolae_swamp_treefoil, nicolae_swamp_triple_paths
Swamp:4:  swamp, layout_basic_swamp, uniq_kirke, uniq_roxanne
Spider:1: layout_spider_delve, gammafunk_ghost_arena
Spider:2: layout_spider_delve, drop_trap, minmay_another_anthill, uniq_agnes
Spider:3: layout_chambers
Spider:4: guppyfry_spider_rune, uniq_nikola
Orc:1:    layout_caves
Orc:2:    pubby_orc_utopia
Elf:1:    layout_loops_corners, portal_desolation_entry_ruin, serial_shops,
          nicolae_shop_waterfront, serial_sigils,
          serial_sigils_hangedman_quiver, serial_sigils_hangedman_gnaw,
          serial_sigils_hangedman_carve, serial_sigils_hangedman_stare,
          serial_sigils_hangedman_scratch, minmay_elf_necromancy,
          corner_web_ring
Elf:2:    layout_onion_city, serial_shops, shop, basic_altar, uniq_azrael
Vaults:1: v_misc_17, v_pattern_3, v_misc_15, hangedman_vaults_stream, v_rooms_2,
          v_alt_pattern_3, v_misc_26, vaults_room_fours, v_misc_31, st_cells,
          grunt_vaults_hallway_long, layout_vaults_big_room, serial_shops,
          nicolae_shop_competitors_out_of_business
Vaults:2: vaults_room_pools, hangedman_vaults_hat,
          minmay_crypt_entry_necro_gods, vaults_dpeg_ring,
          nicolae_vaults_little_squares_2, vaults_dpeg_diagonal,
          layout_vaults_quadrants, uniq_xtahua
Vaults:3: vaults_mumra_hex, nicolae_vaults_network_barrier,
          nicolae_vaults_diagonal_hallway_6, v_rooms_1, vaults_room_octagon,
          hangedman_vaults_nails, vaults_room_pool, ontoclasm_vaults_gallery,
          vaults_mumra_minichess, v_rooms_6, ontoclasm_vaults_ring_square,
          layout_vaults_ring, serial_shops, shop, uniq_boris, uniq_mennas,
          uniq_margery
Vaults:4: v_misc_9, hangedman_vaults_trim, vaults_room_pool,
          grunt_vaults_twisty, ontoclasm_vaults_gateway,
          nicolae_vaults_stairing_the_circle, ontoclasm_vaults_echo,
          hangedman_vaults_corner, grunt_vaults_diagonal, ontoclasm_vaults_eye,
          ontoclasm_vaults_misaligned, serial_ice_h,
          nicolae_vaults_circle_grid_b, layout_vaults_maze
Vaults:5: uniq_saint_roka, uniq_bai_suzhen

Skill      XL: |  1  2  3  4  5  6  7  8  9 10 11 12 13 14 15 16 17 18 19 20 21 22 |
---------------+-------------------------------------------------------------------+-----
Fighting       | 3 4 5 6 7 9 12 15 17 18 19 20 21 | 21.0
Axes           | 1 2 3 7 9 11 13 15 16 18 19 | 19.7
Polearms       | 2 4 5 |  5.5
Evocations     | 3 5 7 10 12 13 | 13.7
Shields        | 2 4 6 8 9 10 12 13 15 | 15.0
Invocations    | 2 7 10 12 | 12.0
Armour         | 1 5 6 7 10 11 | 11.8
Dodging        | 1 3 5 7 |  7.5
Crossbows      | |  1.0
Stealth        | |  1.0
Spellcasting   | |  1.0
Hexes          | |  1.0
Earth Magic    | |  2.6

Action                   |  1- 3 |  4- 6 |  7- 9 | 10-12 | 13-15 | 16-18 | 19-21 | 22-24 || total
-------------------------+-------+-------+-------+-------+-------+-------+-------+-------++-------
Melee: Club              |    87 |       |       |       |       |       |       |       ||    87
       Tailslap          |     9 |    12 |    26 |    30 |   130 |   150 |   219 |    43 ||   619
       Hand axe          |    68 |    72 |       |       |       |       |       |       ||   140
       Trident           |       |   118 |    63 |       |       |       |       |       ||   181
       War axe           |       |       |   192 |   258 |  1001 |  1015 |    94 |       ||  2560
       Broad axe         |       |       |       |       |       |       |   926 |   204 ||  1130
Throw: Throwing net      |       |       |       |       |       |       |       |     1 ||     1
Invok: Recall Ancestor   |       |     3 |     1 |       |     1 |     2 |     2 |     3 ||    12
       Ancestor Identity |       |     1 |       |       |       |       |       |       ||     1
       Ancestor Life: Kn |       |       |     1 |       |       |       |       |       ||     1
       Idealise          |       |       |       |       |       |     3 |     4 |     2 ||     9
 Abil: Rolling Charge    |       |       |       |    12 |    96 |    94 |    45 |    11 ||   258
Evoke: Wand              |       |       |     3 |     5 |     7 |     3 |       |       ||    18
       Tin of tremorston |       |       |       |       |     3 |     7 |     3 |     2 ||    15
       Box of beasts     |       |       |       |       |       |     1 |     1 |       ||     2
       Condenser vane    |       |       |       |       |       |       |     2 |     1 ||     3
  Use: Scroll            |     4 |     2 |    16 |     7 |    17 |    26 |     7 |     4 ||    83
       Potion            |       |       |     1 |     1 |     4 |     6 |       |     9 ||    21
 Stab: Distracted        |       |       |     1 |       |     4 |    10 |     8 |     7 ||    30
       Paralysed         |       |       |       |     5 |       |       |       |       ||     5
       Invisible         |       |       |       |       |       |     2 |       |       ||     2
Armor: Robe              |    48 |       |       |       |       |       |       |       ||    48
       Chain mail        |     1 |    91 |   171 |    49 |    45 |   392 |       |       ||   749
       Skin              |       |       |       |     1 |     6 |       |       |       ||     7
       Swamp dragon scal |       |       |       |       |   136 |       |       |       ||   136
       Plate armour      |       |       |       |       |       |    15 |   285 |    70 ||   370
Dodge: Dodged            |    86 |    32 |    39 |    22 |   203 |   234 |   182 |    42 ||   840
Block: Other             |       |    39 |    58 |       |       |       |       |       ||    97
       Reflection        |       |       |     2 |    13 |    28 |    15 |       |       ||    58
       Kite shield       |       |       |    25 |   142 |   589 |   378 |       |       ||  1134
       Tower shield      |       |       |       |       |       |   408 |   739 |   167 ||  1314
